 Dungeon Crawl Stone Soup version 0.22-b1-21-g5cfc168 (webtiles) character file.

1767 goulibeur the Agent of Entropy (level 8, -5/64 HPs)
             Began as a Demonspawn Abyssal Knight on Aug 3, 2018.
             Was a Priest of Lugonu.
             Slain by a hornet (9 damage)
             ... while paralysed by a hornet
             ... on level 7 of the Dungeon.
             The game lasted 00:26:44 (7187 turns).

goulibeur the Agent of Entropy (DsAK)               Turns: 7187, Time: 00:26:45

Health: -5/64      AC: 15    Str: 13    XL:     8   Next: 80%
Magic:  15/15      EV:  2    Int: 18    God:    Lugonu [***...]
Gold:   397        SH:  0    Dex: 15    Spells: 7/7 levels left

rFire    . . .     SeeInvis .   w - +0 war axe
rCold    . . .     Gourm    .   (no shield)
rNeg     . . .     Faith    .   x - +0 chain mail
rPois    .         Spirit   .   m - +0 helmet
rElec    .         Reflect  .   (no cloak)
rCorr    .         Harm     .   A - +0 pair of gloves (curse)
MR       .....                  (no boots)
Stlth    ..........             v - amulet of rage
HPRegen  0.20/turn              (no ring)
MPRegen  0.14/turn              (no ring)

@: paralysed, brilliant, lethally poisoned (-5 -> -6), slowed
A: claws 2, molten scales 2, demonic guardian 1, spiny 1
a: Depart the Abyss, Bend Space, Banish, Renounce Religion, Evoke Berserk Rage


You were on level 7 of the Dungeon.
You worshipped Lugonu.
Lugonu was most pleased with you.
You were not hungry.

You visited 2 branches of the dungeon, and saw 8 of its levels.
You visited the Abyss 1 time.

You collected 457 gold pieces.
You spent 60 gold pieces at shops.

Inventory:

Hand Weapons
 a - a +2 short sword
 w - a +0 war axe (weapon)
Armour
 m - a +0 helmet (worn)
 x - a +0 chain mail (worn)
 A - a cursed +0 pair of gloves (worn)
Jewellery
 i - a +4 ring of dexterity {unknown}
 v - an amulet of rage (around neck)
Wands
 n - a wand of flame (23)
 u - a wand of disintegration (13)
Scrolls
 b - a scroll of enchant armour
 d - a scroll of immolation
 e - 2 scrolls of magic mapping
 f - 2 scrolls of amnesia {unknown}
 g - 11 scrolls of identify
 h - 2 scrolls of enchant weapon
 p - 2 scrolls of teleportation {unknown}
 q - 3 scrolls of remove curse {unknown}
 t - 2 scrolls of noise {unknown}
 z - a scroll of fog {unknown}
Potions
 j - a potion of degeneration
 k - 3 potions of brilliance
 l - a potion of heal wounds {unknown}
 o - 3 potions of invisibility {unknown}
 r - 3 potions of curing {unknown}
 s - 2 potions of haste {unknown}
 B - 2 potions of agility {unknown}
Comestibles
 c - 13 rations
 C - 4 chunks of flesh


   Skills:
 + Level 5.8 Fighting
 - Level 1.7 Short Blades
 + Level 4.7 Armour
 + Level 4.4 Dodging
 * Level 9.4 Invocations
 + Level 2.2 Evocations


You had 7 spell levels left.
You didn't know any spells.
Your spell library contained the following spells:

 Spells                   Type           Power        Failure   Level  Hunger
 Confuse                  Hex            ##......     78%         3    ####...
 Tukima's Dance           Hex            ##......     78%         3    ####...
 Ensorcelled Hibernation  Hex/Ice        ##....       58%         2    ###....
 Corona                   Hex            ##.....      45%         1    ##.....
 Dazzling Spray           Conj/Hex       ##....       78%         3    ####...


Dungeon Overview and Level Annotations

Branches:
Dungeon (7/15)             Temple (1/1) D:4

Altars:
Ashenzari
Elyvilon
Vehumet
Xom
The Shining One

Shops:
D:6 ?


Innate Abilities, Weirdness & Mutations

You have very sharp fingernails.
You are mostly covered in molten scales. (AC +3)
A weak demonic guardian rushes to your aid.
You are partially covered in sharp spines.


Message History

* * * LOW HITPOINT WARNING * * *
You feel as though you will be slow longer.
The howler monkey zombie is struck by your spines.
The howler monkey zombie hits you but does no damage.
Your white imp hits the howler monkey zombie.
Your white imp freezes the howler monkey zombie.
The howler monkey zombie resists.
The hornet barely misses you.
The howler monkey zombie closely misses you.
Your white imp barely misses the howler monkey zombie.
The hornet is struck by your spines. The hornet closely misses you.
The howler monkey zombie is struck by your spines.
You destroy the howler monkey zombie!
Lugonu accepts your kill.
It was a potion of brilliance.
You feel clever all of a sudden. The hornet barely misses you.
The hornet stings you!
* * * LOW HITPOINT WARNING * * *
You suddenly lose the ability to move!
You feel sick. The hornet stings you!
You die...

### #.#### #####
#.@5.#
##...###y##.####
#.....##.......#
##...######.##.#
##.........##.#
#.##########5#
#.# #.#### ##'##
#...5# ##...##
####.#


You could see a hornet and a friendly white imp.

Vanquished Creatures
  A hippogriff (D:7)
  A sky beast (D:7)
  A phantom (D:6)
  2 centaurs (D:6)
  2 bullfrogs
  2 crimson imps
  A centaur zombie (D:6)
  A hound (D:5)
  5 orc wizards
  A centaur skeleton (D:5)
  7 orc priests
  A jelly (D:7)
  A bullfrog skeleton (D:4)
  3 iguanas (D:7)
  3 worker ants
  2 hound skeletons
  A howler monkey zombie (D:7)
  A worker ant zombie (D:5)
  A howler monkey skeleton (D:5)
  7 adders
  2 oozes
  An adder zombie (D:6)
  2 adder skeletons (D:6)
  4 worms
  3 dart slugs
  2 leopard geckos
  26 orcs
  6 bats
  5 giant cockroaches
  11 goblins
  3 hobgoblins
  3 jackals (D:6)
  2 quokkas
  3 ball pythons
  4 frilled lizards
  4 kobolds
  4 rats
129 creatures vanquished.

Vanquished Creatures (collateral kills)
  3 ogres
  The ghost of zapotec the Insei, an amateur OpTm of Dithmenos (D:3)
  A crimson imp (D:7)
  3 orc priests
  An orc wizard (D:3)
  An orc (D:3)
  A hobgoblin (D:3)
  A rat (D:3)
12 creatures vanquished.

Vanquished Creatures (others)
  A centaur (D:6)
  A howler monkey (D:6)
  A worker ant (D:6)
  2 leopard geckos (D:6)
  An orc (D:6)
  A quokka (D:6)
7 creatures vanquished.

Grand Total: 148 creatures vanquished

Notes
Turn   | Place    | Note
-------+----------+-------------------------------------------
     0 | Abyss:1  | goulibeur the Demonspawn Abyssal Knight began the quest for the Orb.
     0 | Abyss:1  | Reached XP level 1. HP: 18/18 MP: 2/2
    54 | Abyss:1  | Noticed a deep elf elementalist
    56 | D:1      | Escaped the Abyss
    72 | D:1      | Reached skill level 1 in Dodging
   171 | D:1      | Reached * piety under Lugonu
   171 | D:1      | Gained mutation: A weak demonic guardian rushes to your aid. [demonic ancestry]
   171 | D:1      | Reached XP level 2. HP: 21/24 MP: 4/4
   172 | D:1      | Reached skill level 3 in Invocations
   973 | D:2      | Reached XP level 3. HP: 24/29 MP: 5/5
  1031 | D:2      | Found a shattered altar of Ashenzari.
  2040 | D:3      | Reached skill level 4 in Invocations
  2040 | D:3      | Gained mutation: You are partially covered in molten scales. (AC +2) [demonic ancestry]
  2040 | D:3      | Reached XP level 4. HP: 35/35 MP: 5/7
  2337 | D:3      | Noticed zapotec's ghost (amateur OpTm)
  2369 | D:3      | Reached ** piety under Lugonu
  2456 | D:3      | Found a runed gate.
  2456 | D:3      | Found a runed gate.
  2456 | D:3      | Found a runed gate.
  3219 | D:3      | Killed zapotec's ghost
  3219 | D:3      | Gained mutation: You have sharp fingernails. [demonic ancestry]
  3219 | D:3      | Reached XP level 5. HP: 42/42 MP: 8/8
  3255 | D:4      | Noticed an ogre
  3265 | D:4      | Killed an ogre
  3265 | D:4      | Reached skill level 5 in Invocations
  3453 | D:3      | HP: 2/42 [adder (3)]
  3775 | D:4      | Noticed an ogre
  3781 | D:4      | Killed an ogre
  3781 | D:4      | Gained mutation: You are partially covered in sharp spines. [demonic ancestry]
  3781 | D:4      | Reached XP level 6. HP: 48/48 MP: 10/10
  3821 | D:4      | Found a staircase to the Ecumenical Temple.
  3933 | Temple   | Entered the Ecumenical Temple
  4135 | D:4      | Reached skill level 6 in Invocations
  4443 | D:5      | Entered Level 5 of the Dungeon
  4699 | D:5      | Gained mutation: You have very sharp fingernails. [demonic ancestry]
  4699 | D:5      | Reached XP level 7. HP: 50/55 MP: 11/11
  5118 | D:5      | Reached skill level 7 in Invocations
  5186 | D:6      | Reached *** piety under Lugonu
  5324 | D:6      | Found Hitamih's Magic Scroll Shoppe.
  5331 | D:6      | Bought a scroll of identify for 30 gold pieces
  5331 | D:6      | Bought a scroll of identify for 30 gold pieces
  5500 | D:6      | Reached skill level 5 in Fighting
  5743 | D:6      | Reached skill level 8 in Invocations
  5743 | D:6      | Gained mutation: You are mostly covered in molten scales. (AC +3) [demonic ancestry]
  5743 | D:6      | Reached XP level 8. HP: 36/62 MP: 12/14
  6633 | D:6      | Found a shimmering altar of Xom.
  6793 | D:7      | Reached skill level 1 in Evocations
  6895 | D:7      | Noticed a hippogriff
  6913 | D:7      | Killed a hippogriff
  6913 | D:7      | Reached skill level 9 in Invocations
  7167 | D:7      | Noticed a hornet
  7181 | D:7      | Paralysed by a hornet for 1 turns
  7186 | D:7      | Paralysed by a hornet for 2 turns
  7187 | D:7      | Slain by a hornet

Skill      XL: |  1  2  3  4  5  6  7  8 |
---------------+-------------------------+-----
Dodging        | 1 2 3 4 |  4.4
Invocations    | 3 4 5 6 8 9 |  9.4
Armour         | 2 3 4 |  4.7
Fighting       | 4 5 |  5.8
Evocations     | 2 |  2.2
Short Blades   | |  1.7

Action                   |  1- 3 |  4- 6 |  7- 9 || total
-------------------------+-------+-------+-------++-------
Melee: Short sword       |   122 |    84 |       ||   206
       War axe           |       |    43 |   204 ||   247
Invok: Depart the Abyss  |     1 |       |       ||     1
  Use: Scroll            |     7 |       |     1 ||     8
       Potion            |       |       |     1 ||     1
  Eat: Chunk             |     4 |     8 |     8 ||    20
Armor: Leather armour    |     9 |       |       ||     9
       Ring mail         |    25 |    41 |       ||    66
       Chain mail        |       |    25 |   183 ||   208
Dodge: Dodged            |    64 |    45 |    76 ||   185
